AoeStats
← ZamSerg

MegaRandom

506078895Analyzed
4v4 RM · 20d ago on Sep 12, 2026· 50m 30s· 8 players
Game mode
Random Map
Map size
Large (8 player)
Population
200
Speed
Normal
Resources
Standard
Victory
Conquest
Starting age
Dark Age
Ending age
Imperial Age
RankedLock teamsTeams togetherTeam positionsShared explorationLock speedFull tech treeHidden civsTurbo modeCheats
Victory
Defeat
🇨🇳 Franks · China
1219
+16
🇷🇺 Burgundians · Russia
1216
+16
🇨🇳 Magyars · China
1206
+17
🇨🇳 Ethiopians · China
1111
+21
🇵🇰 Khitans · Pakistan
1236
-18
🇰🇷 Ethiopians · South Korea
1229
-18
🇨🇳 Persians · China
1206
-17
🇨🇳 Maya · China
1206
-17
ybsngs
11:17 Feudal Age
12:11 Loom
12:54 Loom
15:20 Castle Age
14:01 Double-Bit Axe
16:43 Bow Saw
23:53 Fervor
25:27 Wheelbarrow
24:38 Town Watch
27:20 Bloodlines
28:57 Hand Cart
29:07 Forging
29:03 Scale Barding Armor
34:03 Imperial Age
32:47 Stone Mining
32:48 Gold Mining
33:34 Iron Casting
34:03 Chain Barding Armor
33:47 Cavalier
34:28 Husbandry
36:43 Blast Furnace
37:02 Plate Barding Armor
37:59 Two-Man Saw
36:39 Horse Collar
37:08 Herbal Medicine
37:38 Savar
38:39 Citadels
39:55 Chemistry
39:16 Ballistics
40:42 Kamandaran
41:05 Conscription
43:15 Fletching
46:54 Crossbowman
47:43 Thumb Ring
46:59 Elite Skirmisher
49:36 Padded Archer Armor
Zuku
6:57 Loom
9:18 Feudal Age
10:44 Loom
10:49 Double-Bit Axe
13:14 Forging
13:51 Domestication
20:21 Castle Age
21:37 Bow Saw
21:37 Pastoralism
22:39 Bow Saw
25:38 Wheelbarrow
27:14 Iron Casting
29:54 Coinage
29:50 Scale Barding Armor
31:18 Husbandry
34:37 Gold Mining
35:53 Stone Mining
37:02 Chain Barding Armor
36:37 Fletching
38:16 Hand Cart
41:28 Imperial Age
40:43 Stone Shaft Mining
40:12 Bodkin Arrow
41:37 Ballistics
41:05 Light Cavalry
42:39 Ordo Cavalry
42:55 Conscription
42:05 Elite Steppe Lancer
43:25 Plate Barding Armor
44:21 Banking
44:12 Bracer
45:19 Chemistry
43:51 Elite Skirmisher
45:49 Padded Archer Armor
47:16 Leather Archer Armor
46:52 Heavy Camel Rider
48:42 Masonry
47:59 Hussar
49:11 Ring Archer Armor
人在阵地在
0:27 Loom
13:09 Feudal Age
14:46 Feudal Age
18:59 Castle Age
20:28 Fletching
20:04 Crossbowman
21:14 Bodkin Arrow
22:37 Double-Bit Axe
26:03 Padded Archer Armor
28:17 Bow Saw
30:51 Leather Archer Armor
31:36 Ballistics
38:01 Imperial Age
38:12 Horse Collar
41:09 Scale Mail Armor
41:19 Forging
40:32 Pikeman
43:00 Halberdier
43:21 Eagle Warrior
44:39 Iron Casting
44:19 Chain Mail Armor
44:38 Holcans
46:43 Blast Furnace
48:05 Plate Mail Armor
48:08 Squires
PAWA
6:54 Loom
9:53 Feudal Age
14:35 Fletching
14:47 Padded Archer Armor
20:37 Double-Bit Axe
22:37 Horse Collar
28:27 Castle Age
28:30 Crossbowman
29:17 Bodkin Arrow
30:27 Leather Archer Armor
30:46 Thumb Ring
40:24 Elite Skirmisher
45:33 Wheelbarrow
老k
6:23 Loom
10:24 Feudal Age
10:55 Double-Bit Axe
11:08 Horse Collar
17:44 Fletching
18:36 Padded Archer Armor
23:31 Castle Age
22:43 Bloodlines
22:27 Gold Mining
22:29 Stone Mining
24:16 Wheelbarrow
23:26 Town Watch
24:16 Bodkin Arrow
25:15 Husbandry
28:25 Thumb Ring
29:46 Leather Archer Armor
32:48 Heavy Plow
33:00 Bow Saw
33:24 Ballistics
36:25 Imperial Age
37:44 Conscription
38:25 Chemistry
37:30 Bracer
38:37 Town Patrol
40:01 Ring Archer Armor
40:33 Parthian Tactics
41:12 Recurve Bow
41:53 Crop Rotation
42:24 Two-Man Saw
42:01 Gold Shaft Mining
41:32 Heavy Cavalry Archer
44:38 Treadmill Crane
45:09 Masonry
44:55 Murder Holes
47:43 Scale Barding Armor
47:01 Light Cavalry
48:11 Hussar
49:55 Chain Barding Armor
不知天上水
7:30 Loom
10:52 Feudal Age
13:18 Double-Bit Axe
14:24 Fletching
24:01 Castle Age
22:06 Gold Mining
23:44 Padded Archer Armor
24:01 Crossbowman
24:38 Bodkin Arrow
25:28 Bow Saw
26:54 Leather Archer Armor
26:40 Scale Mail Armor
27:58 Thumb Ring
30:49 Chain Mail Armor
30:44 Forging
31:40 Squires
33:34 Wheelbarrow
34:05 Gold Shaft Mining
35:12 Hand Cart
34:52 Stone Mining
41:51 Imperial Age
40:01 Iron Casting
41:57 Arbalester
42:39 Bracer
43:10 Ring Archer Armor
42:02 Halberdier
42:28 Capped Ram
43:42 Plate Mail Armor
44:13 Blast Furnace
49:27 Town Watch
阿酷丶
7:37 Loom
9:56 Feudal Age
14:58 Scale Barding Armor
22:23 Castle Age
20:36 Forging
21:02 Wheelbarrow
20:16 Double-Bit Axe
21:25 Wheelbarrow
20:59 Gold Mining
23:36 Bow Saw
23:40 Husbandry
27:59 Iron Casting
31:07 Hand Cart
35:32 Chain Barding Armor
36:39 Gold Shaft Mining
35:55 Stone Mining
40:18 Imperial Age
40:35 Cavalier
41:51 Plate Barding Armor
42:41 Conscription
45:21 Paladin
49:15 Devotion
ZamSerg
4:41 Double-Bit Axe
9:33 Loom
11:22 Feudal Age
15:51 Castle Age
14:56 Horse Collar
15:49 Gold Mining
17:23 Bow Saw
18:27 Gold Shaft Mining
18:01 Heavy Plow
22:40 Two-Man Saw
23:49 Wheelbarrow
24:53 Fervor
25:40 Crop Rotation
26:00 Stone Mining
26:29 Town Watch
26:59 Hand Cart
26:29 Cavalier
27:10 Husbandry
30:25 Scale Barding Armor
32:11 Forging
32:22 Chain Barding Armor
33:19 Stone Shaft Mining
33:48 Iron Casting
35:45 Imperial Age
35:38 Fletching
35:54 Paladin
35:57 Light Cavalry
37:15 Plate Barding Armor
37:41 Blast Furnace
38:09 Ballistics
37:46 Murder Holes
38:01 Masonry
37:32 Treadmill Crane
38:12 Hussar
43:40 Conscription
43:59 Hoardings
43:32 Burgundian Vineyards
50:32 Scale Mail Armor
50:28 Bodkin Arrow
Connection lost

Rejoining the realm…

Still unreachable

The connection could not be restored.

Session expired

The server has moved on; the page needs a fresh start.